 Dungeon Crawl Stone Soup version 0.27-a0-1358-ga0a28fc8c3 (webtiles) character file.

Game seed: 6432418181109960083

4 Delamore the Sneak (level 1, 0/14 HPs)
             Began as an Octopode Brigand on June 28, 2021.
             Slain by a quokka (5 damage)
             ... on level 1 of the Dungeon.
             The game lasted 00:00:13 (128 turns).

Delamore the Sneak (Octopode Brigand)                Turns: 128, Time: 00:00:13

Health: 0/14       AC:  1    Str: 10    XL:     1   Next: 70%
Magic:  1/1        EV: 12    Int: 13    God:
Gold:   10         SH:  0    Dex: 13    Spells: 0/0 levels left

rFire    . . .     SeeInvis .   a - +2 dagger
rCold    . . .     Faith    .   (no shield)
rNeg     . . .     Spirit   .   (helmet restricted)
rPois    .         Reflect  .   (no amulet)
rElec    .         Harm     .   (no ring)
rCorr    .         Rampage  .   (no ring)
Will     .....                  (no ring)
Stlth    ++++......             (no ring)
HPRegen  0.04/turn              (no ring)
MPRegen  0.07/turn              (no ring)
                                (no ring)
                                (no ring)

@: no status effects
A: almost no armour, amphibious, 8 rings, camouflage 1, gelatinous body 1,
(nimble swimmer 1), tentacles
a: no special abilities


You were on level 1 of the Dungeon.
You visited 1 branch of the dungeon, and saw 1 of its levels.

You collected 10 gold pieces.

Inventory:

Hand Weapons
 a - a +2 dagger (weapon)
Missiles
 b - 8 poisoned darts (quivered)
 c - 2 curare-tipped darts
Potions
 d - a potion of cancellation {unknown}


   Skills:
 + Level 2.1 Fighting
 + Level 2.1 Short Blades
 - Level 2.0 Throwing
 - Level 1.0 Dodging
 + Level 5.4 Stealth


You couldn't memorise any spells.
You didn't know any spells.
Your spell library contained the following spells:

 Spells                   Type           Power      Damage    Failure   Level
 Confusing Touch          Hex            0%         N/A       67%         3
 Gell's Gravitas          Tloc           0%         N/A       67%         3
 Petrify                  Tmut/Erth      0%         N/A       97%         4
 Metabolic Englaciation   Hex/Ice        0%         N/A       100%        5
 Yara's Violent Unravell  Hex/Tmut       0%         3d3       100%        5


Dungeon Overview and Level Annotations

Branches:
Dungeon (1/15)

Altars:

Shops:
D:1 (


Innate Abilities, Weirdness & Mutations

You cannot wear most types of armour.
You are amphibious.
You can wear up to eight rings at the same time.
Your skin changes colour to match your surroundings (Stealth+).
Your rubbery body absorbs attacks. (AC +1, EV +1)
((You are camouflaged near water. (Stealth+)))
You have tentacles for arms and can constrict up to eight enemies at once.


Message History

A hobgoblin is nearby!
A bat comes into view.
Found 12 gold pieces.
The helpless hobgoblin fails to defend itself.
You impale the hobgoblin!!
You kill the hobgoblin!
A quokka comes into view.
Found a cyan potion.
Found Qusseugg's Weapon Shoppe.
Found a kite shield.
Found a stone staircase leading down.
Found a blackened granite ring.
There are monsters nearby!
There are monsters nearby!
The helpless bat fails to defend itself.
You impale the bat!!
You kill the bat!
The quokka bites you. The quokka barely misses you.
You hit the quokka but do no damage. Your grab misses the quokka.
The quokka bites you.
You hit the quokka. Your grab misses the quokka.
Your squeeze misses the quokka.
The quokka is lightly wounded.
The quokka bites you.
You are too injured to fight recklessly!
You are too injured to fight recklessly!
You are too injured to fight recklessly!
You are too injured to fight recklessly!
You are too injured to fight recklessly!
You are too injured to fight recklessly!
You are too injured to fight recklessly!
A quokka is nearby!
You hit the quokka but do no damage. Your grab misses the quokka.
The quokka is lightly wounded.
The quokka closely misses you.
You miss the quokka. Your grab misses the quokka.
The quokka is lightly wounded.
The quokka closely misses you.
You miss the quokka. Your grab misses the quokka.
The quokka is lightly wounded.
The quokka bites you.
You die...

## ..# .# ###.###>####
.......... ........
##.#...# ###r.....# .#
#.##.†@.....# ... .#
#..[.....#..## #.# ..#
#............# #.# ..#
#............# #.##..#
#.=...∩..#.#.# #.#...
.........##.#.####.#.#
##.##...###..........#
#. ##.## #.#.####...#
. #. #.#.# #...#


You could see a quokka.

Vanquished Creatures
  2 endoplasms (D:1)
  A hobgoblin (D:1)
  A bat (D:1)
4 creatures vanquished.

Notes
Turn   | Place    | Note
-------+----------+-------------------------------------------
     0 | D:1      | Delamore the Octopode Brigand began the quest for the Orb.
     0 | D:1      | Reached XP level 1. HP: 14/14 MP: 1/1
   116 | D:1      | Found Qusseugg's Weapon Shoppe.
   128 | D:1      | Slain by a quokka

Illustrated notes

Levels and vault maps discovered:
D:1:      ebering_trefoil_3fold, layout_loops_ring, serial_shops, shop

Action                   || total
-------------------------++-------
Melee: Dagger            ||     9
       Tentacles         ||     2
 Stab: Sleeping          ||     2
Armor: Skin              ||     1
Dodge: Dodged            ||     3

Table legend: (Time is in decaauts)
 A = Elapsed time spent in this place.
 B = Non-inter-level travel time spent in this place.
 C = Inter-level travel time spent in this place.
 D = Time resting spent in this place.
 E = Time spent auto-exploring this place.
 F = Levels seen in this place.
 G = Mean time per level.
                   A        B        C        D        E       F      G
               +--------+--------+--------+--------+--------+-----+--------+
         Total |    127 |    127 |      0 |      0 |     99 |   1 |  127.0 |
       Dungeon |    127 |    127 |      0 |      0 |     99 |   1 |  127.0 |
               +--------+--------+--------+--------+--------+-----+--------+

Top non-repeatable levels by time:
     D:1: 127 daAuts
